 Dungeon Crawl Stone Soup version 0.25-a0-166-g16436c4407 (webtiles) character file.

Game seed: 6090604918845302186, levelgen mode: deterministic

14553 mortelune the Destroyer (level 11, -1/66 HPs)
             Began as a Deep Elf Fire Elementalist on Nov 23, 2019.
             Was a Believer of Vehumet.
             Slain by a blink frog (14 damage)
             ... on level 3 of the Lair of Beasts.
             The game lasted 00:30:52 (18804 turns).

mortelune the Destroyer (DEFE)                     Turns: 18804, Time: 00:30:52

Health: -1/66      AC:  8    Str:  6    XL:     11   Next: 90%
Magic:  11/36      EV: 13    Int: 23    God:    Vehumet [**....]
Gold:   635        SH:  0    Dex: 15    Spells: 8/31 levels left

rFire    + + .     SeeInvis .   r - +0 rapier (curse)
rCold    + . .     Gourm    .   (no shield)
rNeg     . . .     Faith    .   S - +0 acid dragon scales
rPois    .         Spirit   .   (no helmet)
rElec    +         Reflect  .   D - scarf {rC+ rF+}
rCorr    +         Harm     .   d - +0 pair of gloves
MR       ++...                  G - +0 pair of boots
Stlth    +++.......             X - amulet "Ethotrey" {+Fly rElec Regen+ MP+9 Stlth+}
HPRegen  0.61/turn              j - ring of protection from magic
MPRegen  0.25/turn              F - ring of protection from fire

@: very slightly contaminated
A: no striking features
a: Renounce Religion, Evoke Flight


You were on level 3 of the Lair of Beasts.
You worshipped Vehumet.
Vehumet was pleased with you.
You were not hungry.

You visited 3 branches of the dungeon, and saw 14 of its levels.

You collected 635 gold pieces.

Inventory:

Hand Weapons
 b - a +0 short sword
 r - a cursed +0 rapier (weapon)
 I - a +1 scimitar of draining
 J - a +5 spear
 V - a +2 trident of venom
Missiles
 P - 3 silver boomerangs (quivered)
Armour
 a - a +0 robe
 d - a +0 pair of gloves (worn)
 e - a +0 cloak
 i - a +2 robe of positive energy
 C - the +3 ring mail of Fuug {+Inv Int+4}
   (You found it on level 4 of the Dungeon)

   It affects your intelligence (+4).
   It lets you turn invisible.
 D - a scarf of resistance (worn)
 G - a +0 pair of boots (worn)
 S - +0 acid dragon scales (worn)
Magical Staves
 M - an uncursed staff of power {unknown}
 Y - an uncursed staff of earth {unknown}
Jewellery
 j - a ring of protection from magic (left hand)
 t - an uncursed amulet of faith {unknown}
 y - an uncursed ring of magical power
 A - an uncursed ring of positive energy
 F - a ring of protection from fire (right hand)
 T - an uncursed amulet of the acrobat {unknown}
 X - the amulet "Ethotrey" (around neck) {+Fly rElec Regen+ MP+9 Stlth+}
   (You found it on level 10 of the Dungeon)

   [amulet of regeneration]

   It insulates you from electricity.
   It affects your magic capacity (+9).
   It lets you fly.
   It increases your rate of regeneration.
   It makes you more stealthy.
Wands
 w - a wand of digging (11)
 B - a wand of disintegration (32)
 O - a wand of random effects (7)
 U - a wand of flame (49)
Scrolls
 l - 10 scrolls of teleportation
 s - a scroll of identify
 v - 3 scrolls of enchant weapon
 K - 2 scrolls of enchant armour
 Q - a scroll of blinking
 W - a scroll of fear
Potions
 f - a potion of flight
 g - 3 potions of cancellation
 h - 2 potions of lignification
 k - 3 potions of berserk rage
 m - 2 potions of haste
 n - a potion of magic {unknown}
 o - 5 potions of heal wounds {unknown}
 p - 3 potions of ambrosia {unknown}
 q - 3 potions of resistance
 u - 2 potions of mutation {unknown}
 z - a potion of might {unknown}
 E - a potion of degeneration {unknown}
 H - 4 potions of curing {unknown}
 L - a potion of agility {unknown}
 N - a potion of brilliance {unknown}
 R - 2 potions of invisibility {unknown}
Miscellaneous
 x - a sack of spiders
Comestibles
 c - 22 rations


   Skills:
 + Level 6.5 Fighting
 + Level 4.3 Dodging
 - Level 2.4 Stealth
 + Level 10.6 Spellcasting
 * Level 11.9 Conjurations
 - Level 11.5 Fire Magic
 * Level 4.1 Air Magic


You had 8 spell levels left.
You knew the following spells:

 Your Spells              Type           Power        Failure   Level  Hunger
a - Flame Tongue          Conj/Fire      #####        1%          1    None
b - Throw Flame           Conj/Fire      ######       1%          2    None
c - Conjure Flame         Conj/Fire      ######..     1%          3    None
d - Sticky Flame          Conj/Fire      ######..     1%          4    #......
e - Fireball              Conj/Fire      ######....   2%          5    ####...
f - Magic Dart            Conj           ####         1%          1    None
g - Summon Lightning Spi  Summ/Air       ###.....     43%         4    #......
h - Stone Arrow           Conj/Erth      #####.       2%          3    None

Your spell library contained the following spells:

 Spells                   Type           Power        Failure   Level  Hunger
 Searing Ray              Conj           ######       1%          2    None
 Iskenderun's Mystic Bla  Conj           ######..     1%          4    #......
 Dazzling Spray           Conj/Hex       #####.       2%          3    None
 Inner Flame              Hex/Fire       #####...     3%          3    None
 Force Lance              Conj/Tloc      #####...     10%         4    #......
 Fulminant Prism          Conj/Hex       #####.....   10%         4    #......
 Summon Small Mammal      Summ           ##..         11%         1    None
 Call Imp                 Summ           ##......     17%         2    None
 Call Canine Familiar     Summ           ##......     32%         3    None
 Summon Guardian Golem    Hex/Summ       ##......     32%         3    None
 Summon Ice Beast         Ice/Summ       ##......     73%         4    #......


Dungeon Overview and Level Annotations

Branches:
Dungeon (10/15)            Temple (1/1) D:7            Lair (3/6) D:9
 Shoals (0/4) Lair:2          Orc (0/2) D:9
  Snake: Lair:2-4    Spider: Lair:2-4

Altars:
Ashenzari
Cheibriados
Dithmenos
Elyvilon
Fedhas
Gozag
Hepliaklqana
Kikubaaqudgha
Makhleb
Nemelex Xobeh
Okawaru
Qazlal
Ru
Sif Muna
Trog
Uskayaw
Vehumet
Wu Jian
Xom
Yredelemnul
Zin
The Shining One

Shops:
D:4 =

Annotations:
D:4 4 runed translucent doors
D:7 Joseph
Lair:3 Leeroy's ghost, journeyman DrCj


Message History

Casting: Sticky Flame (safe; 1% risk of failure)
Confirm with . or Enter, or press ? or * to list all spells.
Aiming: Sticky Flame (safe; 1% risk of failure)
Press: ? - help, Shift-Dir - straight line, f/p - blink frog
Aim: a blink frog The sticky flame hits the blink frog.
The blink frog is lightly wounded.
The blink frog is covered in liquid flames!
The blink frog burns!
The blink frog blinks!
Casting: Sticky Flame (safe; 1% risk of failure)
Confirm with . or Enter, or press ? or * to list all spells.
Aiming: Flame Tongue (safe; 1% risk of failure)
Press: ? - help, Shift-Dir - straight line, f/p - blink frog
Aim: a blink frog (moderately wounded, covered in liquid flames)
The flame tongue hits the blink frog!
The blink frog is heavily wounded.
The blink frog burns!
The blink frog hits you!
* * * LOW HITPOINT WARNING * * *
The blink frog burns!
The blink frog hits you!
You die...

*.≈≈≈≈######≈§.....*,,,,,,*
****#.§§§≈#≈§§#≈≈.....#*,,,,,,,
*.##§.≈≈§≈≈≈§≈≈≈≈.....#*,,,,,,,
*.....................#,,,,,,,,
####....................#**,,,,,*
.##P.....................*,,,,,,*
.................8.......**,,,,,*
.................F.......,*,,,,,*
................@.†......,***,,**
....................F....,,**,**,
.##P†....................,,,*,***
##..†.........###....#P##****,,**
##.............###..##*# *,,,,
#..†.......#....#,.## *,,,,
#...................** **,,,
##......<............* **,,
#....................# *,,,


You could see 2 blink frogs and a friendly lightning spire.

Vanquished Creatures
  A hydra (Lair:2)
  Harold (D:7)
  An unseen horror (D:10)
  3 merfolk sirens (Lair:2)
  4 spiny frogs (Lair:1)
  2 komodo dragons
  A troll (D:10)
  A merfolk (Lair:2)
  A blink frog (Lair:3)
  4 hippogriffs
  A wraith (D:10)
  3 wyverns
  13 yaks
  A hungry ghost (D:7)
  3 basilisks
  Menkaure (D:7)
  3 water moccasins
  An acid dragon (D:9)
  3 porcupines
  5 orc warriors
  3 ice beasts
  A necrophage (D:6)
  2 phantoms
  A sky beast (D:10)
  3 centaurs
  7 ogres
  3 crocodiles
  A big kobold (D:10)
  Blork the orc (D:6)
  7 bullfrogs
  4 scorpions
  3 killer bees (D:10)
  4 wights (D:6)
  3 howler monkeys
  A centaur zombie (D:5)
  5 crimson imps
  A quasit (D:6)
  6 orc priests
  10 orc wizards
  2 jellies
  A bullfrog skeleton (D:8)
  5 hounds
  An iguana (D:9)
  5 worker ants
  A killer bee zombie (D:9)
  4 hound skeletons
  2 worker ant zombies
  5 gnolls
  8 adders
  2 shadow imps
  3 oozes
  An adder zombie (D:9)
  A worm (D:3)
  5 dart slugs
  4 leopard geckos
  37 orcs
  6 bats
  4 giant cockroaches
  5 hobgoblins
  17 jackals
  11 kobolds
  11 quokkas
  4 frilled lizards
  4 goblins
  A goblin skeleton (D:6)
  2 goblin zombies (D:6)
  4 hobgoblin zombies (D:6)
  2 kobold skeletons (D:6)
  A leopard gecko skeleton (D:8)
  2 orc skeletons (D:6)
  5 rats
285 creatures vanquished.

Vanquished Creatures (others)
  2 fungi
2 creatures vanquished.

Grand Total: 287 creatures vanquished

Notes
Turn   | Place    | Note
-------+----------+-------------------------------------------
     0 | D:1      | mortelune the Deep Elf Fire Elementalist began the quest
                  | for the Orb.
     0 | D:1      | Reached XP level 1. HP: 10/10 MP: 6/6
   500 | D:1      | Reached XP level 2. HP: 16/16 MP: 6/8
   504 | D:1      | Learned a level 2 spell: Throw Flame
  1284 | D:2      | Found a faded altar of an unknown god.
  1732 | D:2      | Reached XP level 3. HP: 20/20 MP: 2/9
  2067 | D:3      | Learned a level 3 spell: Conjure Flame
  2728 | D:3      | Reached skill level 1 in Fighting
  2962 | D:3      | Reached XP level 4. HP: 25/25 MP: 6/11
  3579 | D:3      | Learned a level 4 spell: Sticky Flame
  3974 | D:4      | Noticed a phantom
  4074 | D:4      | Reached XP level 5. HP: 29/29 MP: 8/13
  4074 | D:4      | Noticed a centaur
  4190 | D:4      | Killed a centaur
  4364 | D:4      | Reached skill level 5 in Fire Magic
  4403 | D:4      | Found Hiororch's Jewellery Emporium.
  4513 | D:4      | Reached XP level 6. HP: 35/35 MP: 8/14
  4641 | D:4      | Found a large runed translucent door.
  4641 | D:4      | Found a large runed translucent door.
  4803 | D:4      | Noticed a hippogriff
  4814 | D:4      | Found a large runed translucent door.
  4814 | D:4      | Found a large runed translucent door.
  4961 | D:4      | Reached XP level 7. HP: 40/40 MP: 8/16
  5207 | D:4      | Reached skill level 5 in Spellcasting
  5276 | D:4      | Reached skill level 5 in Conjurations
  5936 | D:4      | Got a faintly glowing ring mail
  5937 | D:4      | Identified the +3 ring mail of Fuug {+Inv Int+4} (You found
                  | it on level 4 of the Dungeon)
  5976 | D:4      | Found a sparkling altar of Nemelex Xobeh.
  6288 | D:4      | Learned a level 5 spell: Fireball
  6312 | D:5      | Entered Level 5 of the Dungeon
  6535 | D:5      | Found a shadowy altar of Dithmenos.
  6713 | D:5      | Reached XP level 8. HP: 41/45 MP: 18/18
  7409 | D:5      | Found a bloodstained altar of Trog.
  7895 | D:5      | Learned a level 1 spell: Magic Dart
  8877 | D:6      | Found a glowing golden altar of the Shining One.
  9103 | D:6      | Noticed Blork the orc
  9106 | D:6      | Killed Blork the orc
  9558 | D:6      | Found a sacrificial altar of Ru.
  9742 | D:7      | Reached XP level 9. HP: 52/52 MP: 21/21
  9756 | D:7      | Identified a scroll of acquirement
  9899 | D:7      | Noticed Harold
  9908 | D:7      | Killed Harold
 10322 | D:7      | Found a staircase to the Ecumenical Temple.
 10350 | Temple   | Entered the Ecumenical Temple
 10459 | Temple   | Became a worshipper of Vehumet
 10514 | D:7      | Noticed Menkaure
 10516 | D:7      | Killed Menkaure
 10768 | D:7      | Noticed Joseph
 12021 | D:9      | Reached XP level 10. HP: 58/58 MP: 15/24
 12197 | D:9      | Reached * piety under Vehumet
 12197 | D:9      | Offered knowledge of Freeze by Vehumet.
 12830 | D:9      | Reached skill level 10 in Fire Magic
 12956 | D:9      | Found a staircase to the Orcish Mines.
 12960 | D:9      | Reached skill level 5 in Fighting
 13611 | D:9      | Found a staircase to the Lair.
 13989 | D:10     | Entered Level 10 of the Dungeon
 14278 | D:10     | Offered knowledge of Sandblast by Vehumet.
 14278 | D:10     | Reached skill level 10 in Conjurations
 14431 | D:10     | Reached ** piety under Vehumet
 14747 | D:10     | Noticed an unseen horror
 14750 | D:10     | Killed an unseen horror
 15199 | D:10     | Got a heavily runed bone amulet
 15381 | D:10     | Identified the amulet "Ethotrey" {+Fly rElec Regen+ MP+9
                  | Stlth+} (You found it on level 10 of the Dungeon)
 15940 | Lair:1   | Entered Level 1 of the Lair of Beasts
 16007 | Lair:1   | Noticed a spiny frog
 16015 | Lair:1   | Killed a spiny frog
 16175 | Lair:1   | Reached XP level 11. HP: 64/64 MP: 23/26
 17073 | Lair:1   | Learned a level 4 spell: Summon Lightning Spire
 17223 | Lair:2   | Reached skill level 10 in Spellcasting
 17244 | Lair:2   | Reached skill level 1 in Air Magic
 17307 | Lair:2   | Noticed an eight-headed hydra
 17321 | Lair:2   | Killed an eight-headed hydra
 18473 | Lair:2   | Found a staircase to the Shoals.
 18697 | Lair:3   | Offered knowledge of Stone Arrow by Vehumet.
 18702 | Lair:3   | Learned a level 3 spell: Stone Arrow
 18714 | Lair:3   | Noticed Leeroy's ghost (journeyman DrCj)
 18722 | Lair:3   | Identified the amulet of Huidghat {RegenMP MR+}
 18804 | Lair:3   | Slain by a blink frog

Levels and vault maps discovered:
D:1:      giann_horns, layout_loops_ring
D:2:      layout_loops_corners, chequers_ecumenical_altar_simple
D:3:      layout_loops_corners, first_ration, hangedman_feature_mirror
D:4:      layout_basic, nemelex_altar_shiori, serial_shops,
          kennysheep_mini_moat, minmay_hollow_rounded_squares
D:5:      layout_layer_cave, basic_altar, trog_butcher_becter
D:6:      layout_loops_cross, basic_altar, nicolae_tso_besieged_by_evil,
          uniq_blork_the_orc
D:7:      layout_gridville, temple_statues, uniq_menkaure, uniq_harold,
          uniq_joseph
D:8:      minmay_angry_zag, layout_rooms
D:9:      layout_cave_pools, erik_lair_dragon, erik_orc_2
D:10:     layout_loops_ring
Temple:   kilobyte_greek_temple
Lair:1:   layout_hall_layers
Lair:2:   layout_cave_shapes, elwin_shoals_entry_stream
Lair:3:   layout_gridlike, gammafunk_ghost_hive, nicolae_volcano_entry_batcave

Skill      XL: |  1  2  3  4  5  6  7  8  9 10 11 |
---------------+----------------------------------+-----
Conjurations   | 2 3 4 5 7 9 10 11 | 11.9
Fire Magic     | 4 5 6 8 9 11 | 11.5
Fighting       | 1 2 3 4 5 6 |  6.5
Spellcasting   | 4 5 6 8 9 10 | 10.6
Air Magic      | 4 |  4.1
Dodging        | 4 |  4.3
Stealth        | |  2.4

Action                   |  1- 3 |  4- 6 |  7- 9 | 10-12 || total
-------------------------+-------+-------+-------+-------++-------
Melee: Rapier            |       |       |    24 |       ||    24
 Cast: Flame Tongue      |    38 |    68 |   104 |   124 ||   334
       Throw Flame       |    28 |    31 |   110 |   124 ||   293
       Conjure Flame     |       |     1 |     2 |     3 ||     6
       Sticky Flame      |       |     1 |    14 |    26 ||    41
       Fireball          |       |       |    20 |    47 ||    67
       Magic Dart        |       |       |    29 |     5 ||    34
       Summon Lightning  |       |       |       |     1 ||     1
  Use: Scroll            |     5 |       |     8 |    11 ||    24
 Stab: Sleeping          |       |       |     1 |       ||     1
  Eat: Chunk             |     7 |     7 |    17 |    18 ||    49
       Ration            |       |       |     3 |     4 ||     7
Armor: Robe              |     3 |     6 |    20 |       ||    29
       Acid dragon scale |       |       |       |    10 ||    10
Dodge: Dodged            |     9 |    21 |    43 |    32 ||   105

Table legend:
 A = Non-vault XP
 B = Vault XP
 C = Vault XP percentage of total XP
 D = Non-vault monster count
 E = Vault monster count
 F = Vault count percentage of total count
                 A         B        C        D         E       F
            +---------+---------+-------+---------+---------+-------
      Total |   15426 |    5365 |  25.8 |     219 |      66 |  23.2
            +---------+---------+-------+---------+---------+-------
        D:1 |      28 |       0 |   0.0 |      16 |       0 |   0.0
        D:2 |      16 |       0 |   0.0 |       8 |       0 |   0.0
        D:3 |     109 |       4 |   3.5 |      29 |       2 |   6.5
        D:4 |     870 |     262 |  23.1 |      21 |       9 |  30.0
        D:5 |     381 |       6 |   1.6 |      21 |       4 |  16.0
        D:6 |    1011 |     157 |  13.4 |      29 |      13 |  31.0
        D:7 |     380 |    1141 |  75.0 |       6 |       2 |  25.0
        D:8 |     745 |     376 |  33.5 |      13 |       7 |  35.0
        D:9 |     527 |    1620 |  75.5 |      11 |      25 |  69.4
       D:10 |    2494 |       0 |   0.0 |      26 |       0 |   0.0
     Lair:1 |    3950 |       0 |   0.0 |      17 |       0 |   0.0
     Lair:2 |    3915 |    1799 |  31.5 |      17 |       4 |  19.0
     Lair:3 |    1000 |       0 |   0.0 |       5 |       0 |   0.0
            +---------+---------+-------+---------+---------+-------
